 Dungeon Crawl Stone Soup version 0.29-a0-330-g52719c12eb (webtiles) character file.

Game seed: 16868767346134615264

7657 dohliylev the Grappler (level 10, 0/93 HPs)
             Began as a Troll Warper on May 11, 2022.
             Was a High Priest of Okawaru.
             Slain by an acid dragon (1 damage)
             ... on level 11 of the Dungeon.
             The game lasted 00:26:53 (8955 turns).

dohliylev the Grappler (Troll Warper)               Turns: 8955, Time: 00:26:54

Health: 0/93       AC: -2    Str: 25    XL:     10   Next: 99%
Magic:  6/15       EV: 10    Int: 15    God:    Okawaru [*****.]
Gold:   668        SH:  7    Dex:  9    Spells: 12/17 levels left

rFire   . . .      SeeInvis .     - Unarmed
rCold   . . .      Faith    .   C - +0 kite shield
rNeg    . . .      Spirit   .   H - +1 animal skin of the Stone Wall {Regen+}
rPois   .          Reflect  .   (helmet restricted)
rElec   .          Harm     .   E - +0 cloak {Stlth+}
rCorr   .          Rampage  .   (gloves unavailable)
Will    .....                   (boots unavailable)
Stlth   ++........              g - amulet of regeneration
HPRegen 2.65/turn               w - +6 ring of intelligence
MPRegen 0.14/turn               D - +4 ring of protection

@: corroded, very slightly contaminated
A: large, unfitting armour, claws 3, regeneration 1, shaggy fur 1, tough skin 1
a: Renounce Religion, Heroism, Finesse, Duel


You were on level 11 of the Dungeon.
You worshipped Okawaru.
Okawaru was extremely pleased with you.
You visited 1 branch of the dungeon, and saw 11 of its levels.

You collected 668 gold pieces.

Inventory:

Armour
 m - a +1 robe of fire resistance
 C - a +0 kite shield (worn)
 E - a +0 cloak of stealth (worn)
 H - the +1 animal skin of the Stone Wall (worn) {Regen+}
   (Okawaru gifted it to you on level 10 of the Dungeon)

   Regen:     It increases your rate of health regeneration.
Jewellery
 g - an amulet of regeneration (around neck)
 w - a +6 ring of intelligence (left claw)
 D - a +4 ring of protection (right claw)
Wands
 t - a wand of digging (3)
 x - a wand of polymorph (11)
 y - a wand of flame (16)
Scrolls
 b - a scroll of blinking
 c - 2 scrolls of brand weapon {unknown}
 d - 3 scrolls of noise {unknown}
 f - 4 scrolls of amnesia {unknown}
 h - 9 scrolls of identify {unknown}
 j - 2 scrolls of fear {unknown}
 o - 3 scrolls of vulnerability {unknown}
 p - a scroll of magic mapping {unknown}
 u - 2 scrolls of fog {unknown}
 v - 7 scrolls of teleportation {unknown}
 z - a scroll of summoning {unknown}
 A - 3 scrolls of immolation {unknown}
 F - a scroll of enchant weapon {unknown}
Potions
 a - a potion of flight {unknown}
 e - 9 potions of curing {unknown}
 i - 5 potions of heal wounds {unknown}
 k - a potion of invisibility {unknown}
 l - a potion of lignification {unknown}
 n - 3 potions of attraction {unknown}
 q - 2 potions of cancellation {unknown}
 r - 6 potions of resistance {unknown}
 s - 3 potions of mutation {unknown}
 B - 2 potions of might {unknown}
 G - a potion of berserk rage {unknown}


   Skills:
 + Level 4.3 Fighting
 + Level 2.2 Throwing
 + Level 6.3 Dodging
 + Level 2.1 Shields
 + Level 11.1 Unarmed Combat
 + Level 4.2 Spellcasting
 + Level 5.1 Translocations
 + Level 0.1 Evocations


You had 12 spell levels left.
You knew the following spells:

 Your Spells              Type           Power      Damage    Failure   Level
a - Blink                 Tloc           36%        N/A       8%          2
b - Lesser Beckoning      Tloc           18%        N/A       16%         3

Your spell library contained the following spells:

 Spells                   Type           Power      Damage    Failure   Level
 Gell's Gravitas          Tloc           18%        N/A       16%         3
 Teleport Other           Tloc           18%        N/A       16%         3
 Sublimation of Blood     Necr           3%         N/A       54%         2
 Wereblood                Tmut           3%         N/A       54%         2
 Inner Flame              Hex/Fire       3%         N/A       78%         3
 Manifold Assault         Tloc           18%        N/A       82%         5
 Cause Fear               Hex            1%         N/A       99%         4
 Orb of Destruction       Conj           1%         9d5       100%        7
 Discord                  Hex            1%         N/A       100%        8
 Summon Guardian Golem    Hex/Summ       Unusable   N/A       N/A         3
 Spellforged Servitor     Conj/Summ      Unusable   N/A       N/A         7
 Summon Hydra             Summ           Unusable   N/A       N/A         7

Dungeon Overview and Level Annotations

Branches:
Dungeon (10/15)            Temple (0/1) D:6            Lair (0/6) D:10
    Orc (0/2) D:9

Altars:
Ashenzari
Cheibriados
Elyvilon
Hepliaklqana
Okawaru
Vehumet
Xom
Beogh

Shops:
D:3 (

Annotations:
D:6 3 runed translucent doors, Basado's ghost, novice DjEE; funaii's ghost, novice BaSu


Innate Abilities, Weirdness & Mutations

You are too large for most types of armour.
You have claws for hands.
Your natural rate of healing is unusually fast.
You are covered in fur. (AC +1)
You have tough skin. (AC +1)


Message History

Deactivating autopickup; reactivate with Ctrl-A.
The acid dragon attacks as you move away!
The acid dragon closely misses you.
The acid dragon claws you but does no damage.
Something hits you.
Casting: Lesser Beckoning (dangerous; 16% risk of failure)
Confirm with . or Enter, or press ? or * to list all spells.
Aiming: Lesser Beckoning (dangerous; 16% risk of failure)
Press: ? - help, Shift-Dir - straight line, f/p - acid dragon
Aim: an acid dragon (100% to hit)
Nothing appears to happen.
Something hits you. The acid dragon spits acid at you.
The splash of acid hits you!! The acid corrodes you!
You hear an angry hiss.
Casting: Lesser Beckoning (dangerous; 16% risk of failure)
Confirm with . or Enter, or press ? or * to list all spells.
Aiming: Lesser Beckoning (dangerous; 16% risk of failure)
Press: ? - help, Shift-Dir - straight line, f/p - acid dragon
Aim: an acid dragon (catching its breath, 100% to hit)
You miscast Lesser Beckoning.
You are very lightly contaminated with residual magic.
Nothing appears to happen.
Something hits you but does no damage.
You scratch something. You block something's attack. Something hits you!
You closely miss something. Something hits you!
You barely miss the acid dragon. The acid dragon spits acid at you.
The splash of acid hits you!!
* * * LOW HITPOINT WARNING * * *
The acid corrodes you!
You claw the acid dragon!
The acid dragon is heavily wounded.
The acid dragon spits acid at you. The splash of acid hits you!
* * * LOW HITPOINT WARNING * * *
You completely miss the acid dragon.
The acid dragon is heavily wounded.
The acid dragon bites you!
* * * LOW HITPOINT WARNING * * *
The acid dragon claws you.
You die...

♣♣ ♣. ♣. ######
######.######## .....#
..............# .....#
♣...♣ .[...# ♣.♣.♣
.....#.♣♣♣♣♣...♣♣♣♣♣.#
####.#........{D@....#
#)########.######## #
#)................ #
#........D#..#.### #
###...###...## # #...#
#..## # #...# ..... #
##### ...... #
#......#


You could see an acid dragon (catching breath).

Vanquished Creatures
  A two-headed ogre (D:9)
  A manticore (D:11)
  Maurice (D:8)
  An unseen horror (D:11)
  A kobold demonologist (D:10)
  2 trolls (D:10)
  Prince Ribbit (D:6)
  A vampire (D:10)
  A shadow (D:11)
  Sigmund (D:5)
  3 wyverns
  A wraith (D:9)
  2 steam dragons (D:8)
  Menkaure (D:5)
  2 wargs (D:10)
  2 water moccasins
  2 orc warriors
  A black bear (D:6)
  An ice beast (D:8)
  A sky beast (D:5)
  2 ogres (D:6)
  3 centaurs
  A phantom (D:5)
  13 kobold brigands
  3 bullfrogs
  2 gnoll sergeants (D:11)
  6 killer bees (D:10)
  5 howler monkeys
  2 hounds
  6 orc priests
  2 iguanas
  6 orc wizards
  A statue (D:5)
  8 gnolls
  8 adders
  A shadow imp (D:5)
  3 white imps
  A worm (D:4)
  A dart slug (D:5)
  25 orcs
  3 bats
  7 endoplasms
  12 goblins
  12 hobgoblins
  3 jackals (D:2)
  A quokka (D:2)
  7 ball pythons
  7 frilled lizards
  16 kobolds
  2 rats (D:2)
  A spectral kobold (D:4)
197 creatures vanquished.

Vanquished Creatures (others)
  An orc (D:8)
  A plant (D:10)
2 creatures vanquished.

Grand Total: 199 creatures vanquished

Notes
Turn   | Place    | Note
-------+----------+-------------------------------------------
     0 | D:1      | dohliylev the Troll Warper began the quest for the Orb.
     0 | D:1      | Reached XP level 1. HP: 19/19 MP: 1/1
   274 | D:1      | Reached XP level 2. HP: 27/27 MP: 3/3
   897 | D:2      | Reached XP level 3. HP: 34/35 MP: 4/4
  1315 | D:3      | Found a faded altar of an unknown god.
  1383 | D:3      | Found Urchae's Antique Weapon Shop.
  1422 | D:3      | Reached skill level 3 in Unarmed Combat
  1425 | D:3      | Reached XP level 4. HP: 42/42 MP: 5/5
  1777 | D:4      | Learned a level 2 spell: Blink
  1836 | D:4      | Found a broken altar of Ashenzari.
  1955 | D:4      | Found an iron altar of Okawaru.
  1984 | D:4      | Reached XP level 5. HP: 44/49 MP: 4/6
  1990 | D:4      | Reached skill level 4 in Unarmed Combat
  2247 | D:4      | Found a hazy altar of Hepliaklqana.
  2367 | D:4      | Found a shimmering altar of Xom.
  2647 | D:4      | Became a worshipper of Warmaster Okawaru
  2678 | D:5      | Entered Level 5 of the Dungeon
  2881 | D:5      | Noticed a phantom
  2898 | D:5      | Killed a phantom
  2899 | D:5      | Reached skill level 1 in Throwing
  2899 | D:5      | Reached skill level 5 in Unarmed Combat
  2899 | D:5      | Reached XP level 6. HP: 57/57 MP: 7/7
  2959 | D:5      | Found a radiant altar of Vehumet.
  3044 | D:5      | Noticed a sky beast
  3063 | D:5      | Killed a sky beast
  3063 | D:5      | Reached * piety under Okawaru
  3147 | D:5      | Noticed Sigmund
  3232 | D:5      | Killed Sigmund
  3233 | D:5      | Reached XP level 7. HP: 65/65 MP: 8/8
  3469 | D:5      | Noticed Menkaure
  3473 | D:5      | Killed Menkaure
  3474 | D:5      | Reached skill level 6 in Unarmed Combat
  4152 | D:6      | Reached XP level 8. HP: 71/74 MP: 10/10
  4179 | D:6      | Reached ** piety under Okawaru
  4180 | D:6      | Reached skill level 7 in Unarmed Combat
  4276 | D:6      | Found a runed translucent gate.
  4276 | D:6      | Found a runed translucent gate.
  4276 | D:6      | Found a runed translucent gate.
  4280 | D:6      | Noticed funaii's ghost (novice BaSu)
  4280 | D:6      | Noticed Basado's ghost (novice DjEE)
  4494 | D:6      | Found a staircase to the Ecumenical Temple.
  4499 | D:6      | Noticed Prince Ribbit
  4551 | D:6      | Killed Prince Ribbit
  4659 | D:6      | Reached skill level 8 in Unarmed Combat
  5403 | D:7      | Learned a level 3 spell: Lesser Beckoning
  5456 | D:7      | Reached *** piety under Okawaru
  5785 | D:7      | Reached XP level 9. HP: 53/83 MP: 7/11
  6332 | D:8      | Noticed Maurice
  6354 | D:8      | Killed Maurice
  6355 | D:8      | Reached skill level 9 in Unarmed Combat
  6515 | D:8      | Reached skill level 5 in Dodging
  6964 | D:9      | Reached **** piety under Okawaru
  7025 | D:9      | Found a snail-covered altar of Cheibriados.
  7041 | D:9      | Received a gift from Okawaru
  7041 | D:9      | Noticed a two-headed ogre
  7224 | D:9      | Killed a two-headed ogre
  7225 | D:9      | Reached skill level 10 in Unarmed Combat
  7225 | D:9      | Reached XP level 10. HP: 91/92 MP: 12/14
  7519 | D:9      | Found a staircase to the Orcish Mines.
  7820 | D:10     | Entered Level 10 of the Dungeon
  7867 | D:10     | Reached ***** piety under Okawaru
  7921 | D:10     | Found a white marble altar of Elyvilon.
  7975 | D:10     | Reached skill level 1 in Shields
  7995 | D:10     | HP: 3/92 [kobold brigand/+0 club (7)]
  8236 | D:10     | Identified the +1 animal skin of the Stone Wall {Regen+}
                  | (Okawaru gifted it to you on level 10 of the Dungeon)
  8236 | D:10     | Received a gift from Okawaru
  8420 | D:10     | Found a staircase to the Lair.
  8420 | D:10     | You fall into a shaft and drop 1 floor!
  8451 | D:11     | Reached skill level 5 in Translocations
  8576 | D:11     | Reached skill level 11 in Unarmed Combat
  8707 | D:11     | Noticed a manticore
  8761 | D:11     | Noticed a manticore
  8771 | D:11     | Killed a manticore
  8955 | D:11     | HP: 1/93 [acid dragon (15)]
  8955 | D:11     | Slain by an acid dragon

Illustrated notes

Levels and vault maps discovered:
D:1:      dpeg_arrival_tiny_k, layout_basic, minivault_23
D:2:      kennysheep_big_flooded_room, layout_rooms,
          hangedman_abyss_or_decor_lesser_grid, ebering_dispersal_statue_hall,
          patterned_corridor
D:3:      layout_rooms, ebering_ecumenical_altar_abandoned, serial_shops, shop,
          minmay_misc_feat_hallway
D:4:      layout_loops_ring, nicolae_hepliaklqana_monster_ancestors,
          mainiacjoe_overflow_brackets, okawaru_altar_gauntlet_db,
          mainiacjoe_overflow_tiny_flanked, minmay_snake_closets
D:5:      layout_loops_corners, vehumet_statue, corexii_item_surrounded_by_moat,
          hangedman_decor_diamond_cutter, uniq_menkaure, uniq_sigmund
D:6:      layout_loops_corners, minmay_temple_entry_wispy,
          gammafunk_ghost_cemetery, serial_rivers,
          chequers_serial_rivers_small_b, chequers_serial_rivers_micro_b,
          chequers_serial_rivers_marsh, chequers_serial_rivers_micro_e,
          chequers_serial_rivers_room_a, chequers_serial_rivers_micro_e,
          minmay_fractal_squares_gapless_5, uniq_prince_ribbit1
D:7:      layout_cave_pools, water_maze_lemuel
D:8:      layout_basic, uniq_maurice
D:9:      layout_irregular_city, cheibriados_altar_1,
          minmay_orc_entry_temple_small
D:10:     layout_rooms, amcnicky_altar_gilded, elyvilon_altar_5,
          nicolae_uskayaw_dance_studio, gammafunk_temple_overflow_elements,
          erik_lair_orcish_takeover, special_room [special_room_kobold]
D:11:     nzn_winding_woodlands_cross [nzn_winding_woodlands_5x15_zeroes,
          nzn_winding_woodlands_5x15_garden,
          nzn_winding_woodlands_5x15_concentric,
          nzn_winding_woodlands_5x15_cabin,
          nzn_winding_woodlands_15x15_boxy_spiral], layout_basic

Skill      XL: |  1  2  3  4  5  6  7  8  9 10 |
---------------+-------------------------------+-----
Dodging        | 2 3 4 5 6 |  6.3
Unarmed Combat | 3 5 6 8 10 11 | 11.1
Fighting       | 2 3 4 |  4.3
Throwing       | 1 2 |  2.2
Spellcasting   | 2 3 4 |  4.2
Translocations | 3 4 5 |  5.1
Shields        | 2 |  2.1
Evocations     | |  0.1

Action                   |  1- 3 |  4- 6 |  7- 9 | 10-12 || total
-------------------------+-------+-------+-------+-------++-------
Melee: Unarmed           |   103 |   140 |   185 |   231 ||   659
       Punch             |     3 |     2 |     5 |       ||    10
Throw: Boomerang         |       |     7 |       |       ||     7
       Throwing net      |       |       |     1 |       ||     1
 Cast: Blink             |       |     6 |    10 |       ||    16
       Lesser Beckoning  |       |       |     9 |    25 ||    34
Evoke: Wand              |       |       |     2 |       ||     2
 Stab: Sleeping          |       |       |     1 |       ||     1
Armor: Robe              |    31 |    40 |    70 |    58 ||   199
       Animal skin       |       |       |       |    59 ||    59
Dodge: Dodged            |    32 |    77 |    85 |    88 ||   282
Block: Kite shield       |       |       |    12 |    75 ||    87

Table legend: (Time is in decaauts)
 A = Elapsed time spent in this place.
 B = Non-inter-level travel time spent in this place.
 C = Inter-level travel time spent in this place.
 D = Time resting spent in this place.
 E = Time spent auto-exploring this place.
 F = Levels seen in this place.
 G = Mean time per level.
                   A        B        C        D        E       F      G
               +--------+--------+--------+--------+--------+-----+--------+
         Total |   8925 |   8645 |    280 |   1070 |   5395 |  11 |  811.4 |
       Dungeon |   8925 |   8645 |    280 |   1070 |   5395 |  11 |  811.4 |
               +--------+--------+--------+--------+--------+-----+--------+

Top non-repeatable levels by time:
     D:5: 1446 daAuts
     D:6: 1232 daAuts
     D:4: 1003 daAuts
     D:9: 920 daAuts
     D:7: 772 daAuts
     D:8: 744 daAuts
     D:1: 715 daAuts
    D:10: 611 daAuts
     D:2: 560 daAuts
    D:11: 530 daAuts
     D:3: 389 daAuts
